 Dungeon Crawl Stone Soup version 0.27.0-1-g7a089689b8 (webtiles) character file.

Game seed: 14817437823033825684

2830 AlmostDecent the Cleaver (level 9, -2/79 HPs)
             Began as a Minotaur Fighter on Aug 8, 2021.
             Was an Initiate of Okawaru.
             Hit by a javelin thrown by a centaur (6 damage)
             ... in a bailey.
             The game lasted 00:18:00 (5967 turns).

AlmostDecent the Cleaver (Minotaur Fighter)         Turns: 5967, Time: 00:18:00

Health: -2/79      AC:  8    Str: 28    XL:     9   Next: 45%
Magic:  8/8        EV:  7    Int:  5    God:    Okawaru [......]
Gold:   514        SH: 10    Dex: 12    Spells: 8/8 levels left

rFire    . . .     SeeInvis .   a - +0 war axe
rCold    . . .     Faith    .   c - +0 kite shield
rNeg     . . .     Spirit   .   b - +0 scale mail
rPois    .         Reflect  .   (helmet restricted)
rElec    .         Harm     .   s - +0 cloak
rCorr    .         Rampage  .   (no gloves)
Will     .....                  (no boots)
Stlth    ..........             (no amulet)
HPRegen  0.23/turn              e - +6 ring of strength
MPRegen  0.11/turn              (no ring)

@: very slightly contaminated, invisible
A: horns 2, retaliatory headbutt
a: Renounce Religion


You were in a bailey.
You worshipped Okawaru.
Okawaru was noncommittal.
You visited 2 branches of the dungeon, and saw 8 of its levels.
You also visited: Bailey.

You collected 514 gold pieces.

Inventory:

Hand Weapons
 a - a +0 war axe (weapon)
 o - a +0 vampiric trident
Missiles
 n - 19 sling bullets
Armour
 b - a +0 scale mail (worn)
 c - a +0 kite shield (worn)
 s - a +0 cloak (worn)
Jewellery
 e - a +6 ring of strength (left hand)
Wands
 d - a wand of flame (12)
Scrolls
 g - a scroll of enchant armour {unknown}
 j - a scroll of magic mapping
 k - 4 scrolls of teleportation
 l - a scroll of silence {unknown}
 m - a scroll of noise {unknown}
 q - a scroll of fear {unknown}
 t - 2 scrolls of blinking {unknown}
 u - a scroll of summoning {unknown}
Potions
 f - a potion of resistance
 i - a potion of ambrosia
 r - a potion of brilliance


   Skills:
 + Level 7.1 Fighting
 * Level 13.7 Axes
 - Level 3.9 Armour
 + Level 0.6 Stealth
 - Level 4.0 Shields


You had 8 spell levels left.
You didn't know any spells.
Your spell library contained the following spells:

 Spells                   Type           Power      Damage    Failure   Level
 Beastly Appendage        Tmut           0%         N/A       99%         1
 Corpse Rot               Necr/Air       N/A        N/A       100%        2
 Ensorcelled Hibernation  Hex/Ice        0%         N/A       100%        2
 Poisonous Vapours        Pois/Air       0%         N/A       100%        2
 Wereblood                Tmut           0%         N/A       100%        2
 Spider Form              Tmut/Pois      0%         N/A       100%        3
 Airstrike                Air            0%         N/A       100%        4
 Summon Lightning Spire   Summ/Air       0%         N/A       100%        4
 Freezing Cloud           Conj/Ice/Air   0%         6-21      100%        5
 Lightning Bolt           Conj/Air       0%         1d11      100%        5
 Shadow Creatures         Summ           N/A        N/A       100%        6
 Storm Form               Tmut/Air       0%         N/A       100%        7
 Maxwell's Capacitive Co  Air            0%         ∞         100%        8


Dungeon Overview and Level Annotations

Branches:
Dungeon (7/15)             Temple (1/1) D:6          Bailey (1/1)

Altars:
Cheibriados
Elyvilon
Fedhas
Hepliaklqana
Kikubaaqudgha
Nemelex Xobeh
Okawaru
Qazlal
Ru
Sif Muna
Trog
Vehumet
Wu Jian
Xom
Yredelemnul
The Shining One

Shops:
D:5 !*

Annotations:
D:4 2 runed translucent doors, AlmostDecent's ghost, amateur GrFi; Crazy Yiuf


Innate Abilities, Weirdness & Mutations

You have a pair of horns on your head.
You reflexively headbutt those who attack you in melee.


Message History

* * * LOW HITPOINT WARNING * * *
Okay, then.
You feel better.
The orc hits you from afar with a +0 halberd!
* * * LOW HITPOINT WARNING * * *
The orc closely misses you. You block the orc's attack.
You feel better.
The centaur throws a javelin.
The javelin pierces through you.
* * * LOW HITPOINT WARNING * * *
The javelin pierces through the orc but does no damage.
The orc hits you but does no damage.
The orc hits you from afar with a +0 trident.
* * * LOW HITPOINT WARNING * * *
The orc hits you from afar with a +0 halberd!
* * * LOW HITPOINT WARNING * * *
You feel better.
The orc hits you from afar with a +0 halberd.
* * * LOW HITPOINT WARNING * * *
The orc hits you but does no damage.
The orc hits you from afar with a +0 halberd!
* * * LOW HITPOINT WARNING * * *
You feel better.
The centaur throws a javelin.
The javelin pierces through you.
* * * LOW HITPOINT WARNING * * *
The javelin closely misses the orc.
You block the orc's attack. x2
The orc hits you from afar with a +0 halberd.
* * * LOW HITPOINT WARNING * * *
You fade into invisibility!
The orc barely misses you. You block the orc's attack.
The orc closely misses you.
You are very lightly contaminated with residual magic.
The centaur throws a javelin.
The javelin pierces through you!
* * * LOW HITPOINT WARNING * * *
The javelin barely misses the orc.
You block the orc's attack.
The centaur throws a javelin.
The javelin barely misses you.
The javelin completely misses the orc.
The centaur throws a javelin.
The centaur throws a javelin.
The javelin pierces through the orc!
The orc dies!
The centaur throws a javelin.
The javelin pierces through the orc.
The centaur throws a javelin.
The javelin pierces through you.
You die...

#########
##≈≈≈≈≈≈≈##
##≈≈≈$$$≈≈≈##
####≈≈⌠$.$.$⌠≈≈##
#≈≈≈≈.........≈≈≈
#......≈≈≈≈≈.....
#.....≈≈...≈≈....
+..≈.≈≈.≈.≈.≈≈.≈.
#.≈≈o≈@≈≈.≈≈.≈.≈≈
#.≈c≈≈.≈...≈.≈≈.≈
#.≈.≈.≈≈...≈≈.≈.≈
#o≈o≈o≈.⌠∩⌠.≈.≈.≈
#.≈.≈.≈..∩..≈.≈.≈
#o≈o≈.≈.⌠∩⌠.≈.≈.≈
#.≈o≈)≈≈...≈≈.≈.≈
#.≈.≈≈)≈...≈.≈≈.≈
#.≈≈.≈.≈≈≈≈≈.≈.≈≈


You could see a centaur and 7 orcs.

Vanquished Creatures
  Grinder (D:4)
  4 water moccasins
  3 black bears
  2 sky beasts (D:6)
  2 ice beasts
  A necrophage (D:4)
  An orc warrior (D:6)
  3 centaurs
  A phantom (D:5)
  Blork the orc (D:4)
  A bullfrog (D:7)
  2 scorpions
  A water moccasin skeleton (D:4)
  A howler monkey (D:5)
  3 jellies
  A bullfrog zombie (D:7)
  2 centaur skeletons
  4 hounds
  3 orc priests
  Ijyb (D:4)
  4 orc wizards
  11 adders
  A shadow imp (D:7)
  2 worms (D:2)
  2 dart slugs
  19 orcs
  11 ball pythons
  9 bats
  6 endoplasms
  7 giant cockroaches
  4 hobgoblins
  12 jackals
  4 quokkas
  2 frilled lizards
  5 goblins
  7 kobolds
  9 rats
153 creatures vanquished.

Vanquished Creatures (others)
  An orc (Bailey)
  A fungus (D:1)
2 creatures vanquished.

Grand Total: 155 creatures vanquished

Notes
Turn   | Place    | Note
-------+----------+-------------------------------------------
     0 | D:1      | AlmostDecent the Minotaur Fighter began the quest for the
                  | Orb.
     0 | D:1      | Reached XP level 1. HP: 19/19 MP: 0/0
    88 | D:1      | Reached XP level 2. HP: 25/27 MP: 1/1
   233 | D:1      | Reached skill level 3 in Axes
   354 | D:1      | Reached XP level 3. HP: 33/33 MP: 2/2
   963 | D:2      | Reached skill level 4 in Axes
  1224 | D:3      | Reached XP level 4. HP: 40/40 MP: 3/3
  1342 | D:3      | Found a stormy altar of Qazlal.
  1431 | D:3      | Found a faded altar of an unknown god.
  1599 | D:3      | Reached skill level 5 in Axes
  1995 | D:4      | Reached XP level 5. HP: 46/46 MP: 4/4
  2036 | D:4      | Noticed a necrophage
  2042 | D:4      | Reached skill level 6 in Axes
  2046 | D:4      | Killed a necrophage
  2047 | D:4      | Reached XP level 6. HP: 35/53 MP: 5/5
  2189 | D:4      | Reached skill level 7 in Axes
  2413 | D:4      | Found a runed translucent door.
  2417 | D:4      | Noticed AlmostDecent's ghost (amateur GrFi)
  2571 | D:4      | Noticed Blork the orc
  2582 | D:4      | Killed Blork the orc
  2583 | D:4      | Reached skill level 8 in Axes
  2793 | D:4      | Reached XP level 7. HP: 50/60 MP: 6/6
  2888 | D:4      | Noticed Grinder
  2896 | D:4      | Killed Grinder
  2897 | D:4      | Reached skill level 5 in Fighting
  2897 | D:4      | Reached skill level 9 in Axes
  2972 | D:4      | Found a runed translucent door.
  2973 | D:4      | Noticed Crazy Yiuf
  3303 | D:4      | Noticed Ijyb
  3313 | D:4      | Killed Ijyb
  3444 | D:4      | Found a bloodstained altar of Trog.
  3610 | D:5      | Entered Level 5 of the Dungeon
  3636 | D:5      | Reached skill level 10 in Axes
  3657 | D:5      | Reached XP level 8. HP: 45/68 MP: 7/7
  3808 | D:5      | Found Ommubiph's Distillery.
  4062 | D:5      | Found Kiesesh's Serpentskin Sales.
  4067 | D:5      | Reached skill level 11 in Axes
  4277 | D:5      | Found a shimmering altar of Xom.
  4327 | D:5      | Reached skill level 12 in Axes
  4786 | D:6      | Reached XP level 9. HP: 43/78 MP: 8/8
  4944 | D:6      | Found a staircase to the Ecumenical Temple.
  4955 | Temple   | Entered the Ecumenical Temple
  5011 | Temple   | Became a worshipper of Warmaster Okawaru
  5240 | D:6      | Reached skill level 13 in Axes
  5887 | D:7      | Found a basalt altar of Yredelemnul.
  5887 | D:7      | Found a shimmering blue altar of Sif Muna.
  5907 | D:7      | Found a flagged portal.
  5941 | Bailey   | Entered a bailey
  5963 | Bailey   | HP: 3/79 [centaur/javelin (8)]
  5967 | Bailey   | Hit by a javelin thrown by a centaur

Illustrated notes

Levels and vault maps discovered:
D:1:      dpeg_arrival_prison, layout_rooms
D:2:      layout_rooms
D:3:      minmay_diamond_boxcup, layout_loops_ring, lemuel_crystal_altar,
          shapermc_ecumenical_altar_acropolis
D:4:      layout_gridville, kennysheep_mini, ebering_ghost_reflecting_pool,
          hangedman_decor_opposing, uniq_blork_the_orc, uniq_ijyb,
          uniq_crazy_yiuf_cottage, uniq_grinder
D:5:      layout_rooms, amcnicky_altar_gilded, serial_shops,
          nicolae_take_the_stairs, guppyfry_shop_venom
D:6:      layout_basic, minmay_temple_entry_offerings
D:7:      layout_cave_pools, minitemple, gammafunk_temple_overflow_elements,
          enter_bailey_4, uniq_harold
Temple:   minmay_temple_bridge_abc
Bailey:   bailey_polearm_flooded_kennysheep, bailey

Skill      XL: |  1  2  3  4  5  6  7  8  9 |
---------------+----------------------------+-----
Shields        | 4 |  4.0
Fighting       | 4 5 6 7 |  7.1
Axes           | 3 4 5 6 8 10 12 13 | 13.7
Armour         | |  3.9
Stealth        | |  0.6

Action                   |  1- 3 |  4- 6 |  7- 9 || total
-------------------------+-------+-------+-------++-------
Melee: War axe           |   105 |   100 |   178 ||   383
       Headbutt          |    15 |    17 |    45 ||    77
  Use: Potion            |       |     1 |    10 ||    11
       Scroll            |       |       |     6 ||     6
Armor: Scale mail        |    44 |    45 |    99 ||   188
Dodge: Dodged            |    32 |    25 |    61 ||   118
Block: Kite shield       |    76 |    59 |   130 ||   265
